 Dungeon Crawl Stone Soup version 0.26.1-11-gd32895ea62 (webtiles) character file.

Game seed: 5586243605926474135

408 Gabide the Bolt Thrower (level 7, -1/55 HPs)
             Began as a Human Wanderer on July 23, 2021.
             Was a Believer of Elyvilon.
             Slain by an orc warrior
             ... wielding a +0 hand axe
              (16 damage)
             ... on level 5 of the Dungeon.
             The game lasted 00:08:41 (3465 turns).

Gabide the Bolt Thrower (Human Wanderer)            Turns: 3465, Time: 00:08:41

Health: -1/55      AC:  6    Str: 18      XL:     7   Next: 13%
Magic:  7/7        EV: 12    Int: 12      God:    Elyvilon [**....]
Gold:   265        SH:  0    Dex: 14 (15) Spells: 6/6 levels left

rFire    . . .     SeeInvis .   a - +2 dagger
rCold    . . .     Faith    .   (no shield)
rNeg     . . .     Spirit   .   m - +0 leather armour
rPois    .         Reflect  .   (no helmet)
rElec    .         Harm     .   (no cloak)
rCorr    .         Rampage  .   (no gloves)
Will     .....                  k - +2 pair of boots
Stlth    ++........             j - amulet of regeneration
HPRegen  0.58/turn              g - +6 ring of strength
MPRegen  0.10/turn              (no ring)

@: about to teleport
A: no striking features
a: Renounce Religion, Lesser Healing, Heal Other, Divine Protection


You were on level 5 of the Dungeon.
You worshipped Elyvilon.
Elyvilon was pleased with you.
You visited 1 branch of the dungeon, and saw 6 of its levels.

You collected 265 gold pieces.

Inventory:

Hand Weapons
 a - a +2 dagger (weapon)
 c - a +0 hand crossbow
Missiles
 d - 11 bolts
Armour
 k - a +2 pair of boots (worn)
 m - a +0 leather armour (worn)
Jewellery
 g - a +6 ring of strength (left hand)
 j - an amulet of regeneration (around neck)
Scrolls
 h - 2 scrolls of teleportation
Potions
 f - a potion of magic
 p - a potion of flight


   Skills:
 + Level 4.7 Fighting
 + Level 0.8 Short Blades
 * Level 5.2 Crossbows
 + Level 1.1 Throwing
 + Level 2.2 Armour
 * Level 2.0 Dodging
 + Level 3.1 Stealth


You had 6 spell levels left.
You didn't know any spells.
Your spell library was empty.

Dungeon Overview and Level Annotations

Branches:
Dungeon (6/15)
 Temple: D:4-7

Altars:
Cheibriados
Elyvilon
Makhleb
Uskayaw
Vehumet

Annotations:
D:6 Eustachio


Message History

You climb upwards.
There is a stone staircase leading down here.
You feel better.
The orc priest hits you but does no damage.
The orc warrior hits you with a +0 hand axe!
Elyvilon protects you from harm!
As you read the scroll of teleportation, it crumbles to dust.
You feel strangely unstable. The orc priest barely misses you.
The orc warrior hits you with a +0 hand axe.
* * * LOW HITPOINT WARNING * * *
You hit the orc priest.
The orc priest is heavily wounded.
The orc priest completely misses you. The orc warrior misses you.
You hit the orc priest but do no damage.
The orc priest is heavily wounded.
The orc priest hits you but does no damage.
You hit the orc priest but do no damage.
The orc priest is heavily wounded.
The orc warrior hits you with a +0 hand axe!
You die...

#
#####.###
......o@#
#####.#o#
# #.# #+#


You could see an orc warrior and an orc priest.

Vanquished Creatures
  A bullfrog (D:6)
  A scorpion (D:6)
  A crimson imp (D:4)
  2 hounds (D:6)
  An orc priest (D:6)
  A worker ant (D:4)
  A river rat (D:4)
  4 adders
  6 worms
  3 dart slugs
  2 leopard geckos
  12 orcs
  A ball python (D:4)
  2 giant cockroaches
  3 goblins
  8 hobgoblins
  7 kobolds
  7 bats
  6 frilled lizards
  7 rats
76 creatures vanquished.

Vanquished Creatures (others)
  3 orcs (D:3)
3 creatures vanquished.

Grand Total: 79 creatures vanquished

Notes
Turn   | Place    | Note
-------+----------+-------------------------------------------
     0 | D:1      | Gabide the Human Wanderer began the quest for the Orb.
     0 | D:1      | Gabide set off with the following items: a +2 dagger, a
                  | potion of heal wounds, a +0 hand crossbow, 24 bolts, a
                  | potion of curing, a +0 robe
     0 | D:1      | Reached XP level 1. HP: 19/19 MP: 1/1
   191 | D:1      | Reached XP level 2. HP: 25/25 MP: 2/2
   961 | D:1      | Reached skill level 2 in Crossbows
   961 | D:1      | Reached XP level 3. HP: 30/30 MP: 3/3
  1175 | D:2      | Found a snail-covered altar of Cheibriados.
  1180 | D:2      | You fall into a shaft and drop 2 floors!
  1181 | D:4      | Noticed an ogre
  1368 | D:3      | Found a white marble altar of Elyvilon.
  1374 | D:3      | Became a worshipper of Elyvilon the Healer
  1506 | D:3      | Found a radiant altar of Vehumet.
  1878 | D:3      | Reached XP level 4. HP: 30/38 MP: 4/4
  2468 | D:2      | Reached * piety under Elyvilon
  2520 | D:2      | Reached skill level 3 in Crossbows
  2767 | D:2      | Reached XP level 5. HP: 43/43 MP: 5/5
  3025 | D:4      | Found a hide-covered altar of Uskayaw.
  3071 | D:4      | Found a burning altar of Makhleb.
  3088 | D:4      | Reached skill level 1 in Dodging
  3212 | D:4      | Reached XP level 6. HP: 49/49 MP: 6/6
  3270 | D:4      | Found Igymmefi's Antique Weapon Shop.
  3290 | D:4      | Reached ** piety under Elyvilon
  3295 | D:4      | You fall into a shaft and drop 2 floors!
  3299 | D:6      | Noticed an orc warrior
  3326 | D:6      | Reached skill level 4 in Crossbows
  3342 | D:6      | Reached skill level 5 in Crossbows
  3342 | D:6      | Reached XP level 7. HP: 43/55 MP: 7/7
  3430 | D:6      | Noticed Eustachio
  3460 | D:5      | Entered Level 5 of the Dungeon
  3461 | D:5      | Elyvilon protects you from harm!
  3465 | D:5      | Slain by an orc warrior

Illustrated notes

Levels and vault maps discovered:
D:1:      dpeg_arrival_houses_and_road, layout_basic, minmay_surrounded
D:2:      minmay_angry_zag, layout_basic, kennysheep_slug_shrine
D:3:      layout_basic, fiery_altar_vehumet, elyvilon_altar_4
D:4:      layout_cave_pools, lemuel_round_altar, makhleb_grotto_becter,
          temple_pool_b, serial_shops, nicolae_shop_crystal,
          portal_sewer_entry_a
D:5:      layout_basic, chequers_temple_overflow_statue_of_worship,
          serial_rivers, chequers_serial_rivers_micro_b,
          chequers_serial_rivers_room_b, chequers_serial_rivers_micro_d,
          chequers_serial_rivers_small_a, chequers_serial_rivers_large_b,
          guppyfry_early_orc_mine
D:6:      layout_rooms, uniq_menkaure, uniq_eustachio

Skill      XL: |  1  2  3  4  5  6  7 |
---------------+----------------------+-----
Crossbows      | 2 3 5 |  5.2
Dodging        | 1 2 |  2.0
Armour         | 2 |  2.2
Fighting       | |  4.7
Short Blades   | |  0.8
Throwing       | |  1.1
Stealth        | |  3.1

Action                   |  1- 3 |  4- 6 |  7- 9 || total
-------------------------+-------+-------+-------++-------
Melee: Dagger            |    23 |    34 |    10 ||    67
 Fire: Hand crossbow     |    50 |   110 |    14 ||   174
  Use: Scroll            |     3 |    13 |     1 ||    17
       Potion            |       |     2 |     2 ||     4
Armor: Robe              |     2 |       |       ||     2
       Leather armour    |     5 |    30 |    20 ||    55
Dodge: Dodged            |    23 |    49 |    36 ||   108
